 Dungeon Crawl Stone Soup version 0.29-a0-284-gf9362112df (webtiles) character file.

Game seed: 7770247724538617852

1167 bande the Chopper (level 8, -6/49 HPs)
             Began as a Gargoyle Fighter on Mar 22, 2022.
             Mangled by an iguana (11 damage)
             ... on level 5 of the Dungeon.
             The game lasted 00:09:09 (4626 turns).

bande the Chopper (Gargoyle Fighter)                Turns: 4626, Time: 00:09:10

Health: -6/49      AC: 16    Str: 21    XL:     8   Next: 40%
Magic:  8/8        EV: 10    Int:  8    God:
Gold:   307        SH:  5    Dex: 11    Spells: 7/7 levels left

rFire   . . .      SeeInvis .   a - +1 war axe (spect)
rCold   . . .      Faith    .   c - +0 buckler
rNeg    + . .      Spirit   .   h - +2 ring mail {Will+}
rPois   ∞          Reflect  .   (no helmet)
rElec   +          Harm     .   (no cloak)
rCorr   .          Rampage  .   n - +1 pair of gloves
Will    +....                   (no boots)
Stlth   +.........              (no amulet)
HPRegen 0.16/turn               (no ring)
MPRegen 0.11/turn               (no ring)

@: flying
A: sickness immunity, AC +5, negative energy resistance 1, electricity
resistance, torment resistance 1, petrification resistance
a: no special abilities


You were on level 5 of the Dungeon.
You visited 1 branch of the dungeon, and saw 5 of its levels.

You collected 307 gold pieces.

Inventory:

Hand Weapons
 a - a +1 spectral war axe (weapon)
 p - a +0 morningstar
Missiles
 j - 4 throwing nets (quivered)
Armour
 c - a +0 buckler (worn)
 h - a +2 ring mail of willpower (worn)
 n - a +1 pair of gloves (worn)
Wands
 l - a wand of flame (15)
Scrolls
 k - a scroll of fog
 m - 2 scrolls of teleportation
 t - a scroll of fear
 v - a scroll of enchant weapon
Potions
 b - a potion of flight
 d - a potion of might
 e - a potion of heal wounds {unknown}
 f - 2 potions of curing {unknown}
 g - a potion of invisibility
 i - a potion of magic {unknown}
 o - a potion of haste {unknown}
 q - a potion of experience {unknown}
 r - a potion of resistance {unknown}
 s - a potion of berserk rage {unknown}
 u - a potion of lignification {unknown}


   Skills:
 + Level 5.1 Fighting
 + Level 6.2 Axes
 + Level 5.6 Armour
 + Level 4.7 Shields
 * Level 2.6 Evocations


You had 7 spell levels left.
You didn't know any spells.
Your spell library contained the following spells:

 Spells                   Type           Power      Damage    Failure   Level
 Gell's Gravitas          Tloc           0%         N/A       95%         3
 Lesser Beckoning         Tloc           0%         N/A       95%         3
 Teleport Other           Tloc           0%         N/A       95%         3
 Summon Forest            Summ/Tloc      0%         N/A       100%        5
 Eringya's Noxious Bog    Tmut/Pois      0%         N/A       100%        6
 Summon Hydra             Summ           0%         N/A       100%        7


Dungeon Overview and Level Annotations

Branches:
Dungeon (5/15)
 Temple: D:4-7

Altars:


Innate Abilities, Weirdness & Mutations

You are immune to sickness and miasma.
Your stone body is resilient. (AC +5)
You are immune to poison.
You resist negative energy. (rN+)
You are resistant to electric shocks. (rElec)
You are resistant to unholy torment.
You are immune to petrification.


Message History

You hit the iguana. The iguana bites you!
The centaur unwields a +0 shortbow.
You block the centaur's attack.
The centaur kicks you but does no damage.
Unknown command.
You hit the centaur.
The centaur is moderately wounded.
You closely miss the iguana. The iguana bites you.
The centaur hits you but does no damage.
The centaur kicks you but does no damage.
Unknown command.
You slash the centaur!
The centaur is almost dead.
You hit the iguana but do no damage.
The centaur hits you but does no damage.
The centaur kicks you but does no damage.
The iguana bites you!
* * * LOW HITPOINT WARNING * * *
You block the centaur's attack. The centaur barely misses you.
The iguana barely misses you.
You closely miss the iguana.
The iguana is almost dead.
You closely miss the centaur.
The centaur hits you but does no damage.
The centaur kicks you but does no damage.
The centaur hits you but does no damage.
You block the centaur's attack.
The iguana hisses menacingly.
The iguana bites you but does no damage.
You hit the iguana but do no damage.
The iguana is almost dead.
You barely miss the centaur. The centaur closely misses you. x2
The iguana bites you.
* * * LOW HITPOINT WARNING * * *
The centaur hits you.
* * * LOW HITPOINT WARNING * * *
The centaur closely misses you.
It was a potion of flight.
You feel very buoyant.
You fly up into the air.
The centaur misses you. x2; The iguana bites you!
You die...

##....#n..!#..#...
#..#####o.##......
#.##.###'##......†
##.#.$.'.#####.#...
#..##?###+hSo##....
#...#c#.#YSo..#..#.
#oon....#S5.$.#..#.
##c####.#s..sY#. #.
#@# .##. h##....
#l## # ...
###..##..# #.
#..!....# ..
#.........#
#....(....##
...##.......# ..
.......... .
.........###


You could see a necrophage, a centaur, an iguana and 2 orcs.

Vanquished Creatures
  Grinder (D:3)
  A black bear (D:4)
  An ogre (D:5)
  A centaur (D:5)
  A gnoll sergeant (D:5)
  2 scorpions
  A howler monkey (D:3)
  2 hounds (D:4)
  An orc priest (D:3)
  2 iguanas
  Jessica (D:3)
  3 orc wizards (D:4)
  7 gnolls (D:3)
  7 adders
  3 worms (D:2)
  4 dart slugs
  9 orcs
  7 endoplasms
  4 giant cockroaches
  9 goblins
  10 hobgoblins
  3 jackals (D:4)
  8 kobolds
  A quokka (D:5)
  7 ball pythons
  6 bats
  5 frilled lizards
  6 rats
113 creatures vanquished.

Vanquished Creatures (others)
  4 withered plants (D:2)
4 creatures vanquished.

Grand Total: 117 creatures vanquished

Notes
Turn   | Place    | Note
-------+----------+-------------------------------------------
     0 | D:1      | bande the Gargoyle Fighter began the quest for the Orb.
     0 | D:1      | Reached XP level 1. HP: 14/14 MP: 1/1
   252 | D:1      | Reached XP level 2. HP: 16/19 MP: 2/2
   668 | D:1      | Reached skill level 2 in Axes
  1006 | D:1      | Reached XP level 3. HP: 23/23 MP: 3/3
  1992 | D:2      | Reached XP level 4. HP: 28/29 MP: 4/4
  2121 | D:2      | Found a faded altar of an unknown god.
  2354 | D:3      | Noticed Grinder
  2362 | D:3      | Reached skill level 3 in Axes
  2362 | D:3      | Reached XP level 5. HP: 30/33 MP: 5/5
  2363 | D:3      | Paralysed by Grinder for 2 turns
  2368 | D:3      | Killed Grinder
  2369 | D:3      | Reached skill level 4 in Axes
  2369 | D:3      | Reached XP level 6. HP: 18/38 MP: 6/6
  2688 | D:3      | Noticed Jessica
  2695 | D:3      | Killed Jessica
  2930 | D:3      | Reached XP level 7. HP: 40/44 MP: 7/7
  3231 | D:4      | Reached skill level 1 in Evocations
  3264 | D:4      | Reached skill level 5 in Axes
  3264 | D:4      | Reached skill level 5 in Armour
  4164 | D:4      | Reached XP level 8. HP: 48/48 MP: 8/8
  4442 | D:5      | Entered Level 5 of the Dungeon
  4507 | D:5      | Reached skill level 5 in Fighting
  4507 | D:5      | Reached skill level 6 in Axes
  4626 | D:5      | Mangled by an iguana

Illustrated notes

Levels and vault maps discovered:
D:1:      dpeg_arrival_water_fire, layout_basic, serial_curves, eino_curves_04,
          eino_curves_02
D:2:      layout_loops_ring, ebering_ecumenical_altar_petrified,
          patterned_corridor
D:3:      layout_basic, uniq_jessica, uniq_grinder
D:4:      layout_loops_ring
D:5:      layout_cave_pools, minmay_joined_circles

Skill      XL: |  1  2  3  4  5  6  7  8 |
---------------+-------------------------+-----
Axes           | 2 3 4 5 6 |  6.2
Shields        | 4 |  4.7
Armour         | 4 5 |  5.6
Fighting       | 4 5 |  5.1
Evocations     | 2 |  2.6

Action                   |  1- 3 |  4- 6 |  7- 9 || total
-------------------------+-------+-------+-------++-------
Melee: War axe           |   142 |    39 |    86 ||   267
  Use: Scroll            |     5 |     3 |     2 ||    10
       Potion            |       |       |     1 ||     1
 Stab: Distracted        |       |       |     1 ||     1
Armor: Scale mail        |    53 |       |       ||    53
       Ring mail         |    37 |    15 |    76 ||   128
Dodge: Dodged            |    69 |    21 |    66 ||   156
Block: Buckler           |    41 |     5 |    29 ||    75

Table legend: (Time is in decaauts)
 A = Elapsed time spent in this place.
 B = Non-inter-level travel time spent in this place.
 C = Inter-level travel time spent in this place.
 D = Time resting spent in this place.
 E = Time spent auto-exploring this place.
 F = Levels seen in this place.
 G = Mean time per level.
                   A        B        C        D        E       F      G
               +--------+--------+--------+--------+--------+-----+--------+
         Total |   4725 |   4580 |    145 |    874 |   2808 |   5 |  945.0 |
       Dungeon |   4725 |   4580 |    145 |    874 |   2808 |   5 |  945.0 |
               +--------+--------+--------+--------+--------+-----+--------+

Top non-repeatable levels by time:
     D:1: 1434 daAuts
     D:4: 1248 daAuts
     D:2: 947 daAuts
     D:3: 905 daAuts
     D:5: 189 daAuts
